 Dungeon Crawl Stone Soup version 0.23.1 (webtiles) character file.

Game seed: 9271546841697360455

62570 vatarom the Carver (level 14, -1/99 HPs)
             Began as a Demonspawn Gladiator on Mar 16, 2019.
             Was the Champion of Ru.
             Slain by an orc warlord
             ... wielding a +0 long sword
              (17 damage)
             ... on level 1 of the Orcish Mines.
             The game lasted 01:04:16 (31223 turns).

vatarom the Carver (Demonspawn Gladiator)          Turns: 31223, Time: 01:04:16

Health: -1/99      AC: 13    Str: 16    XL:     14   Next: 64%
Magic:  0/16       EV:  6    Int:  9    God:    Ru [******]
Gold:   1457       SH:  0    Dex: 17    Spells: 13/13 levels left

rFire    + . .     SeeInvis .   K - +4 great sword
rCold    . . .     Gourm    .   (shield currently unavailable)
rNeg     . . .     Faith    .   b - +4 chain mail
rPois    +         Spirit   +   (helmet restricted)
rElec    .         Reflect  .   (no cloak)
rCorr    .         Harm     .   M - +0 pair of gloves
MR       ++...                  (boots unavailable)
Stlth    ..........             C - amulet of Dudoteus {+Rage rPois MR+}
HPRegen  0.26/turn              s - +3 ring of slaying
MPRegen  0.30/turn              H - ring of protection from fire

@: exhausted, horrified, extremely drained
A: claws 1, hooves 3, horns 2, demonic guardian 1, frail 1, weak 1, magic
shield, magic regeneration, no stealth, cowardly, no poison magic, no
translocations magic, no transmutations magic, unskilled 1
a: Draw Out Power, Power Leap, Apocalypse, Renounce Religion, Evoke Berserk Rage


You were on level 1 of the Orcish Mines.
You worshipped Ru.
Ru was exalted by your worship.
You were not hungry.

You visited 4 branches of the dungeon, and saw 21 of its levels.

You collected 2411 gold pieces.
You spent 954 gold pieces at shops.

Inventory:

Hand Weapons
 K - a +4 great sword (weapon)
Missiles
 d - 4 throwing nets (quivered) {!f}
 j - 3 javelins
Armour
 b - a +4 chain mail (worn)
 M - a +0 pair of gloves (worn)
Jewellery
 c - an uncursed ring of protection from cold
 f - an uncursed ring of fire
 s - a +3 ring of slaying (left hand)
 w - a +3 ring of dexterity
 A - an uncursed amulet of magic regeneration
 C - the amulet of Dudoteus (around neck) {+Rage rPois MR+}
   (You bought it in a shop on level 8 of the Dungeon)

   [amulet of rage]

   It protects you from poison.
   It affects your resistance to hostile enchantments.
   It lets you go berserk.
 D - a +2 amulet of reflection
 H - a ring of protection from fire (right hand)
Wands
 a - a wand of iceblast (9) {@v4}
 p - a wand of enslavement (8)
 r - a wand of flame (48)
 L - a wand of disintegration (12)
Scrolls
 g - 12 scrolls of identify {@r1}
 k - a scroll of immolation
 l - 3 scrolls of fear
 n - 6 scrolls of enchant weapon
 v - 8 scrolls of remove curse {@r2}
 y - a scroll of enchant armour
 z - 5 scrolls of magic mapping
 F - 3 scrolls of fog
Potions
 e - 2 potions of cancellation {unknown}
 h - 2 potions of magic
 m - a potion of lignification
 o - 2 potions of haste {@q3}
 t - a potion of ambrosia
 u - 4 potions of flight
 x - a potion of resistance
 B - 5 potions of brilliance {@q6}
 E - a potion of curing {@q1}
 G - a potion of invisibility
 O - a potion of degeneration {unknown}
Comestibles
 q - 14 rations {@e1}


   Skills:
 + Level 10.8(1.5) Fighting
 * Level 14.6(4.4) Long Blades
 - Level 6.2(0.0) Throwing
 - Level 7.0(0.0) Armour
 - Level 9.3(0.4) Dodging
 * Level 3.6(0.0) Evocations


You had 13 spell levels left.
You didn't know any spells.
Your spell library contained the following spells:

 Spells                   Type           Power        Failure   Level  Hunger
 Flame Tongue             Conj/Fire      #....        100%        1    ##.....
 Magic Dart               Conj           #...         100%        1    ##.....
 Sandblast                Erth           #.....       100%        1    ##.....
 Summon Butterflies       Summ           #.......     100%        1    ##.....
 Call Imp                 Summ           #.......     100%        2    ###....
 Slow                     Hex            #.......     100%        2    ###....
 Throw Flame              Conj/Fire      #.....       100%        2    ###....
 Call Canine Familiar     Summ           #.......     100%        3    ####...
 Conjure Flame            Conj/Fire      #.......     100%        3    ####...
 Inner Flame              Hex/Fire       #.......     100%        3    ####...
 Stone Arrow              Conj/Erth      #.....       100%        3    ####...
 Sticky Flame             Conj/Fire      #.......     100%        4    #####..
 Summon Ice Beast         Ice/Summ       #.......     100%        4    #####..
 Fireball                 Conj/Fire      #.........   100%        5    ######.
 Lee's Rapid Deconstruct  Erth           #.........   100%        5    ######.
 Summon Mana Viper        Hex/Summ       #.......     100%        5    ######.
 Freezing Cloud           Conj/Ice/Air   #.........   100%        6    #######
 Ring of Flames           Chrm/Fire      #.........   100%        7    #######
 Summon Hydra             Summ           #.........   100%        7    #######
 Blink                    Tloc           Unusable     N/A         2    N/A
 Passwall                 Tmut/Erth      Unusable     N/A         2    N/A
 Poisonous Vapours        Pois/Air       Unusable     N/A         2    N/A
 Gell's Gravitas          Tloc           Unusable     N/A         3    N/A
 Mephitic Cloud           Conj/Pois/Air  Unusable     N/A         3    N/A
 Portal Projectile        Hex/Tloc       Unusable     N/A         3    N/A
 Force Lance              Conj/Tloc      Unusable     N/A         4    N/A
 Petrify                  Tmut/Erth      Unusable     N/A         4    N/A
 Dispersal                Tloc           Unusable     N/A         6    N/A
 Controlled Blink         Tloc           Unusable     N/A         8    N/A
 Disjunction              Tloc           Unusable     N/A         8    N/A

Dungeon Overview and Level Annotations

Branches:
Dungeon (13/15)            Temple (1/1) D:7            Lair (6/6) D:9
 Shoals (0/4) Lair:2       Spider (0/4) Lair:4          Orc (1/2) D:10
 Vaults (0/5) D:13
  Slime: Lair:5-6

Altars:
Ashenzari
Cheibriados
Dithmenos
Elyvilon
Fedhas
Gozag
Hepliaklqana
Kikubaaqudgha
Makhleb
Nemelex Xobeh
Okawaru
Qazlal
Ru
Sif Muna
Trog
Uskayaw
Vehumet
Wu Jian
Xom
Yredelemnul
Zin
The Shining One
Beogh

Shops:
D:4 *   D:8 =   D:10 ?:

Portals:
Trove: D:12 (give +5 demon trident)

Annotations:
D:4 2 transporters, Sjerrul's ghost, amateur MiFi
D:10 simples's ghost, journeyman MiBe
Lair:3 1 runed translucent door, EtherCrawl's ghost, journeyman TrBe
Lair:6 3 runed translucent doors, Kairos's ghost, journeyman VSMo


Innate Abilities, Weirdness & Mutations

You have sharp fingernails.
You have hooves in place of feet.
You have a pair of horns on your head.
A weak demonic guardian rushes to your aid.
You are frail. (-10% HP)
You are weak. (Str -2)
When hurt, damage is shared between your health and your magic reserves.
You regenerate magic rapidly.
You cannot be stealthy.
Your cowardice makes you less effective in combat with threatening monsters.
You cannot study or cast Poison magic.
You cannot study or cast Translocations magic.
You cannot study or cast Transmutations magic.
You are somewhat unskilled. (-1 Apt)


Message History

You feel drained.
* * * LOW HITPOINT WARNING * * *
You redirect the orc warlord's attack!
The orc warlord hits something with a +0 long sword.
Unknown command.
You hit the orc warlord but do no damage.
You kick the orc warlord!
The orc warlord is almost dead.
You hear some strange, mumbled words.
A magic dart appears from out of thin air!
The magic dart hits you!
* * * LOW HITPOINT WARNING * * *
Your white imp closely misses something.
Something hits you.
* * * LOW HITPOINT WARNING * * *
You feel drained.
* * * LOW HITPOINT WARNING * * *
Your white imp closely misses something.
The orc warlord hits you with a +0 long sword!!
You die...

.........#..## ##
#....#.###...#
.#... ...≈≈≈##
#...# ......
+++##≈#
##..######.#.#..
#≈
#.o..##.#..#.#.
#........$....#
##....$........
###....5(....##
#.....$.@o)...#
#.........)#)..#
..........)#
).)..
....$#..$.†..
)...
........)..)..
...
#......#...))....
...#..#.>...... .
..... ........


You could see an orc warlord (blind), an orc and a friendly white imp.

Vanquished Creatures
  A dire elephant (Lair:6)
  Snorg (Lair:6)
  The ghost of Veudig the Severer, a journeyman HOFi of Dithmenos (Orc:1)
  A fire dragon (Lair:6)
  7 hydras
  2 centaur warriors (D:11)
  4 two-headed ogres
  An anaconda (Lair:6)
  4 unseen horrors
  3 skeletal warriors (D:13)
  An iron troll (D:13)
  A phantasmal warrior (D:13)
  3 ugly things
  A wolf spider (D:11)
  An oklob plant (Lair:6)
  3 cyclopes (D:11)
  3 orc sorcerers (Orc:1)
  A deep elf mage (D:13)
  2 slime creatures (D:12)
  14 elephants (Lair:6)
  2 manticores
  3 black mambas
  A gargoyle (D:10)
  10 spiny frogs
  A kobold demonologist (D:11)
  12 rime drakes (Lair:6)
  6 centaur skeletons
  A rime drake (shapeshifter) (D:13)
  6 komodo dragons
  An efreet (D:11)
  4 trolls
  A jumping spider (Lair:4)
  A hornet (D:12)
  16 blink frogs
  11 hippogriffs
  A wyvern (D:12)
  3 wraiths
  2 vampire mosquitoes (D:11)
  2 basilisks
  23 yaks
  A hungry ghost (D:11)
  8 steam dragons (Lair:6)
  4 wargs (Orc:1)
  An acid dragon (D:11)
  A soldier ant (D:10)
  11 water moccasins
  9 porcupines
  15 orc warriors
  3 sky beasts
  2 black bears
  3 ice beasts
  2 necrophages
  8 wolves
  4 ogres
  5 phantoms
  6 centaurs
  8 crocodiles
  A big kobold (D:13)
  9 bullfrogs
  3 scorpions
  15 killer bees
  3 wights (D:8)
  2 howler monkeys
  3 centaur zombies
  2 electric eels (Lair:1)
  7 crimson imps
  A quasit (D:7)
  A bullfrog zombie (D:11)
  4 hounds
  12 orc priests
  3 iguanas
  10 orc wizards
  6 worker ants
  A hound zombie (D:5)
  A hound skeleton (D:5)
  2 worker ant zombies (D:11)
  8 gnolls
  11 adders
  4 shadow imps
  An ooze (D:6)
  2 adder zombies
  7 worms
  2 dart slugs (D:1)
  4 leopard geckos
  46 orcs
  3 ball pythons
  8 giant cockroaches
  4 goblins
  2 hobgoblins
  2 jackals (D:9)
  13 kobolds
  6 quokkas
  7 bats
  6 frilled lizards
  A giant cockroach zombie (D:5)
  2 jackal zombies
  2 quokka skeletons
  A quokka zombie (D:7)
  6 rats
  2 fungi (Lair:6)
489 creatures vanquished.

Vanquished Creatures (collateral kills)
  A dire elephant (Lair:6)
  A centaur warrior (D:13)
  An ugly thing (D:12)
  3 spiny frogs
  A rime drake (Lair:6)
  A troll (D:13)
  A blink frog (Lair:6)
  A hippogriff (D:10)
  2 yaks (D:13)
  A basilisk (Lair:1)
  A hungry ghost (D:7)
  A sky beast (D:9)
  3 ogres
  A wolf (Lair:3)
  A centaur skeleton (D:7)
  A hound (D:4)
  An orc wizard (D:7)
  A howler monkey zombie (D:8)
  A howler monkey skeleton (D:10)
  3 orcs
27 creatures vanquished.

Vanquished Creatures (others)
  2 unseen horrors (D:11)
  A hippogriff (D:11)
  An orc wizard (D:8)
  An adder zombie (D:6)
  2 orcs
  A kobold (D:13)
  40 fungi
  24 plants
72 creatures vanquished.

Grand Total: 588 creatures vanquished

Notes
Turn   | Place    | Note
-------+----------+-------------------------------------------
     0 | D:1      | vatarom the Demonspawn Gladiator began the quest for the
                  | Orb.
     0 | D:1      | Reached XP level 1. HP: 16/16 MP: 1/1
   297 | D:1      | Reached skill level 3 in Long Blades
   297 | D:1      | Gained mutation: A weak demonic guardian rushes to your
                  | aid. [demonic ancestry]
   297 | D:1      | Reached XP level 2. HP: 18/22 MP: 2/2
  1064 | D:2      | Reached XP level 3. HP: 21/27 MP: 3/3
  1168 | D:2      | You fall through a shaft for 2 floors!
  1168 | D:4      | Found a glowing drain.
  1191 | D:4      | HP: 1/27 [giant cockroach (1)]
  1717 | D:2      | Found a shimmering altar of Xom.
  1869 | D:2      | Reached skill level 4 in Long Blades
  2012 | D:2      | Noticed a sky beast
  2050 | D:2      | Killed a sky beast
  2050 | D:2      | Gained mutation: You have a pair of small horns on your
                  | head. [demonic ancestry]
  2050 | D:2      | Reached XP level 4. HP: 15/35 MP: 4/4
  2646 | D:3      | Gained mutation: When hurt, damage is shared between your
                  | health and your magic reserves. [demonic ancestry]
  2646 | D:3      | Reached XP level 5. HP: 17/41 MP: 5/5
  2905 | D:3      | Found an opulent altar of Gozag.
  3349 | D:3      | Found a snail-covered altar of Cheibriados.
  3392 | D:3      | Found a stormy altar of Qazlal.
  3825 | D:4      | Found Exteg's Assorted Antiques.
  4023 | D:4      | Found a transporter.
  4029 | D:4      | Noticed Sjerrul's ghost (amateur MiFi)
  4063 | D:4      | Found a transporter.
  4153 | D:4      | Reached skill level 1 in Armour
  4606 | D:4      | Gained mutation: You have a pair of horns on your head.
                  | [demonic ancestry]
  4606 | D:4      | Reached XP level 6. HP: 44/48 MP: 6/6
  5039 | D:5      | Entered Level 5 of the Dungeon
  5100 | D:5      | Reached skill level 5 in Long Blades
  5301 | D:5      | Found a sacrificial altar of Ru.
  5350 | D:5      | Became a worshipper of Ru the Awakened
  5368 | D:5      | Gained mutation: You have sharp fingernails. [demonic
                  | ancestry]
  5368 | D:5      | Reached XP level 7. HP: 31/54 MP: 3/7
  6964 | D:6      | Reached skill level 5 in Armour
  7215 | D:6      | Gained mutation: You are frail. (-10% HP) [Ru sacrifice]
  7215 | D:6      | Reached * piety under Ru
  7215 | D:6      | Reached ** piety under Ru
  7239 | D:6      | Reached skill level 6 in Long Blades
  7239 | D:6      | Gained mutation: You have large cloven feet. [demonic
                  | ancestry]
  7239 | D:6      | Reached XP level 8. HP: 50/54 MP: 6/8
  7765 | D:7      | Reached skill level 7 in Long Blades
  7928 | D:7      | Found a glowing silver altar of Zin.
  7974 | D:7      | Reached skill level 5 in Fighting
  8215 | D:7      | Found a shadowy altar of Dithmenos.
  8468 | D:7      | Found a staircase to the Ecumenical Temple.
  8528 | Temple   | Entered the Ecumenical Temple
  8678 | D:7      | Gained mutation: You have hoof-like feet. [demonic
                  | ancestry]
  8678 | D:7      | Reached XP level 9. HP: 29/64 MP: 4/9
  9058 | D:8      | Found Muzytzat's Jewellery Shoppe.
  9061 | D:8      | Bought an uncursed amulet of magic regeneration for 330
                  | gold pieces
  9678 | D:8      | Found a radiant altar of Vehumet.
  9679 | D:8      | Found a hide-covered altar of Uskayaw.
  9831 | D:8      | Reached skill level 5 in Throwing
 10322 | D:9      | Found a staircase to the Lair.
 10373 | D:9      | Noticed a two-headed ogre
 10378 | D:9      | Killed a two-headed ogre
 10378 | D:9      | Reached skill level 8 in Long Blades
 10483 | D:9      | Noticed a two-headed ogre
 10490 | D:9      | Killed a two-headed ogre
 10490 | D:9      | Reached skill level 9 in Long Blades
 10490 | D:9      | Gained mutation: You have hooves in place of feet. [demonic
                  | ancestry]
 10490 | D:9      | Reached XP level 10. HP: 43/72 MP: 6/10
 10899 | D:10     | Entered Level 10 of the Dungeon
 10977 | D:10     | Reached skill level 10 in Long Blades
 11048 | D:10     | Found Oniad's Magic Scroll Emporium.
 11088 | D:10     | Noticed a gargoyle
 11093 | D:10     | Killed a gargoyle
 11149 | D:10     | Killed an unseen horror
 11149 | D:10     | Reached skill level 11 in Long Blades
 11216 | D:10     | Found Jomej's Book Shop.
 11226 | D:10     | Gained mutation: You are somewhat unskilled. (-1 Apt) [Ru
                  | sacrifice]
 11226 | D:10     | Reduced skill Long Blades to level 10
 11226 | D:10     | Reached *** piety under Ru
 11314 | D:10     | Found a roughly hewn altar of Beogh.
 11314 | D:10     | Found a staircase to the Orcish Mines.
 12403 | D:10     | Reached skill level 11 in Long Blades
 12691 | Lair:1   | Entered Level 1 of the Lair of Beasts
 12741 | Lair:1   | Noticed a spiny frog
 12752 | Lair:1   | Reached XP level 11. HP: 75/75 MP: 9/11
 13339 | Lair:1   | HP: 3/75 [poisoned by a spiny frog]
 13970 | Lair:1   | Reached skill level 5 in Armour
 14632 | Lair:2   | Gained mutation: You cannot be stealthy. [Ru sacrifice]
 14632 | Lair:2   | Reached **** piety under Ru
 14717 | Lair:2   | Found a staircase to the Shoals.
 16100 | Lair:3   | Noticed a seven-headed hydra
 16110 | Lair:3   | Killed a seven-headed hydra
 16522 | Lair:3   | Reached skill level 5 in Dodging
 16574 | Lair:3   | Found a runed translucent door.
 16576 | Lair:3   | Noticed EtherCrawl's ghost (journeyman TrBe)
 16932 | Lair:3   | Reached skill level 12 in Long Blades
 17482 | Lair:4   | Gained mutation: You regenerate magic rapidly. [demonic
                  | ancestry]
 17482 | Lair:4   | Reached XP level 12. HP: 73/81 MP: 10/12
 17495 | Lair:4   | Found a hole to the Spider Nest.
 17768 | Lair:4   | Gained mutation: Your cowardice makes you less effective in
                  | combat with threatening monsters. [Ru sacrifice]
 17768 | Lair:4   | Reached ***** piety under Ru
 18615 | Lair:5   | You fall through a shaft!
 18615 | Lair:6   | Entered Level 6 of the Lair of Beasts
 18909 | Lair:6   | Noticed Snorg
 18979 | Lair:6   | Found a runed translucent gate.
 18979 | Lair:6   | Found a runed translucent gate.
 18979 | Lair:6   | Found a runed translucent gate.
 18991 | Lair:6   | Found a hide-covered altar of Uskayaw.
 19070 | Lair:6   | Noticed an eight-headed hydra
 19079 | Lair:6   | Killed an eight-headed hydra
 19104 | Lair:6   | Noticed a 13-headed hydra
 19104 | Lair:6   | Noticed a 14-headed hydra
 19104 | Lair:6   | Noticed Kairos's ghost (journeyman VSMo)
 19104 | Lair:6   | Noticed a 15-headed hydra
 19551 | Lair:6   | Killed Snorg
 20294 | Lair:6   | Reached XP level 13. HP: 26/86 MP: 11/13
 20583 | Lair:6   | Reached skill level 13 in Long Blades
 20969 | Lair:6   | Gained mutation: You are weak. (Str -2) [Ru sacrifice]
 21021 | Lair:6   | Noticed a fire dragon
 21030 | Lair:6   | Killed a fire dragon
 21743 | Lair:6   | Noticed a dire elephant
 21743 | Lair:6   | Noticed a dire elephant
 21999 | Lair:6   | Noticed a dire elephant
 22030 | Lair:6   | Killed a dire elephant
 22295 | Lair:6   | Noticed a dire elephant
 22309 | Lair:6   | Killed a dire elephant
 23576 | D:11     | Reached skill level 10 in Fighting
 24720 | D:11     | Reached skill level 5 in Throwing
 24728 | D:11     | HP: 1/92 [something/fireball (17)]
 25086 | D:11     | Reached XP level 14. HP: 65/99 MP: 10/14
 25424 | D:11     | Gained mutation: You cannot study or cast Poison magic. [Ru
                  | sacrifice]
 25424 | D:11     | Gained mutation: You cannot study or cast Transmutations
                  | magic. [Ru sacrifice]
 25424 | D:11     | Gained mutation: You cannot study or cast Translocations
                  | magic. [Ru sacrifice]
 25424 | D:11     | Reached ****** piety under Ru
 26429 | D:12     | Reached skill level 14 in Long Blades
 26893 | D:12     | Found a portal to a secret trove of treasure.
 28064 | D:13     | HP: 4/99 [iron troll (10)]
 28449 | D:13     | Reached skill level 1 in Evocations
 29979 | D:13     | Found a gate to the Vaults.
 30197 | D:8      | Bought the amulet of Dudoteus {+Rage rPois MR+} for 624
                  | gold pieces
 30435 | Orc:1    | Entered Level 1 of the Orcish Mines
 30458 | Orc:1    | Found a runed translucent gate.
 30458 | Orc:1    | Found a runed translucent gate.
 30458 | Orc:1    | Found a runed translucent gate.
 30551 | Orc:1    | Noticed simples's ghost (journeyman MiBe)
 30551 | Orc:1    | Noticed Veudig's ghost (journeyman HOFi)
 30967 | Orc:1    | Killed Veudig's ghost
 31189 | Orc:1    | Noticed an orc warlord
 31223 | Orc:1    | Slain by an orc warlord

Skill      XL: |  1  2  3  4  5  6  7  8  9 10 11 12 13 14 |
---------------+-------------------------------------------+-----
Long Blades    | 3 4 5 6 7 9 11 12 13 14 | 14.6
Fighting       | 3 4 7 10 | 10.8
Armour         | 1 3 5 4 6 7 |  7.0
Throwing       | 5 4 5 6 |  6.2
Dodging        | 5 9 |  9.3
Evocations     | 3 |  3.6

Action                   |  1- 3 |  4- 6 |  7- 9 | 10-12 | 13-15 || total
-------------------------+-------+-------+-------+-------+-------++-------
Melee: Long sword        |   124 |    99 |   331 |   510 |   315 ||  1379
       Headbutt          |       |    26 |    61 |   135 |   161 ||   383
       Unarmed           |       |       |    17 |       |       ||    17
       Kick              |       |       |    65 |   253 |   243 ||   561
       Great sword       |       |       |       |       |   247 ||   247
Invok: Sacrifice Health  |       |       |     1 |       |       ||     1
       Draw Out Power    |       |       |       |     5 |     7 ||    12
       Sacrifice Skill   |       |       |       |     1 |       ||     1
       Sacrifice Stealth |       |       |       |     1 |       ||     1
       Apocalypse        |       |       |       |     1 |     3 ||     4
       Sacrifice Courage |       |       |       |     1 |       ||     1
       Sacrifice Purity  |       |       |       |       |     1 ||     1
       Sacrifice Arcana  |       |       |       |       |     1 ||     1
Evoke: Wand              |     1 |       |     1 |    10 |    26 ||    38
  Use: Potion            |     2 |     4 |     5 |     2 |     4 ||    17
       Scroll            |       |     6 |    10 |    12 |    15 ||    43
 Stab: Paralysed         |     1 |       |       |     3 |     8 ||    12
       Sleeping          |       |     1 |       |       |       ||     1
       Distracted        |       |     1 |     3 |     3 |     7 ||    14
       Invisible         |       |       |     1 |     6 |    12 ||    19
       Confused          |       |       |       |       |     2 ||     2
  Eat: Chunk             |     4 |     3 |    11 |     6 |     4 ||    28
       Ration            |       |     2 |     4 |     8 |     9 ||    23
Armor: Leather armour    |    43 |    12 |       |       |       ||    55
       Ring mail         |       |     6 |    27 |       |       ||    33
       Scale mail        |       |       |     3 |       |       ||     3
       Chain mail        |       |       |   150 |   231 |   322 ||   703
       Skin              |       |       |     6 |       |       ||     6
Dodge: Dodged            |    98 |    66 |   152 |   213 |   304 ||   833
Block: Other             |       |       |       |    23 |    43 ||    66
       Reflection        |       |       |       |       |     1 ||     1
       Rpst.: Long sword |    34 |    19 |    32 |    44 |    35 ||   164
       Great sword       |       |       |       |       |    34 ||    34
